 Dungeon Crawl Stone Soup version 0.31-a0-1005-gfbdfbacc72 (webtiles) character file.

Game seed: 11888645313040006484

3 kae the Vexing (level 1, -2/13 HPs)
             Began as a Demonspawn Enchanter on Nov 10, 2023.
             Slain by a quokka (3 damage)
             ... on level 1 of the Dungeon.
             The game lasted 00:00:16 (181 turns).

kae the Vexing (Demonspawn Enchanter)                Turns: 181, Time: 00:00:17

Health: -2/13      AC:  2    Str:  8    XL:     1   Next: 41%
Magic:  3/3        EV: 12    Int: 16    God:
Gold:   22         SH:  0    Dex: 13    Spells: 4/4 levels left

rFire   . . .        a - +1 dagger
rCold   . . .        (no shield)
rNeg    . . .        b - +0 robe
rPois   .            (no helmet)
rElec   .            (no cloak)
rCorr   .            (no gloves)
SInv    .            (no boots)
Will    +....        (no amulet)
Stlth   ++           d - ring of willpower
HPRegen 0.22/turn    (no ring)
MPRegen 0.08/turn

%: no passive effects
@: about to teleport
A: no striking features
a: no special abilities


You were on level 1 of the Dungeon.
You visited 1 branch of the dungeon, and saw 1 of its levels.

You collected 22 gold pieces.


   Skills:
 * Level 1.0 Short Blades
 - Level 1.7 Dodging
 + Level 2.7 Stealth
 + Level 2.0 Spellcasting
 * Level 3.1 Hexes


You had 4 spell levels left.
You didn't know any spells.
Your spell library contained the following spells:

 Spells                   Type           Power      Damage    Failure   Level
 Ensorcelled Hibernation  Hex/Ice        12%        N/A       17%         2
 Confusing Touch          Hex            11%        N/A       17%         3
 Tukima's Dance           Hex            11%        N/A       17%         3
 Dazzling Flash           Conj/Hex       12%        N/A       32%         3

Inventory:

Hand Weapons
 a - a +1 dagger (weapon)
Armour
 b - a +0 robe (worn)
Jewellery
 d - a ring of willpower (left hand)
   (You found it on level 1 of the Dungeon)
Scrolls
 e - a scroll of noise {unknown}
Potions
 c - 2 potions of invisibility

Dungeon Overview and Level Annotations

Branches:
Dungeon (1/15) Zot: 5819

Altars:

#...# # #...#
.. #...# ...##
#...# ......
#...#
....#.####...#
........##...#
$......J##...##
..#...bhr@....#
#....h##....#
#.....#####.#
#.##### #.# #.
###.# # #...#
.# #.##### .#
#.###.# .#
#.....# .#


You could see an endoplasm, a quokka, 2 jackals and a bat.


Message History

Unknown command.
You miss the quokka. The quokka bites you.
* * * LOW HITPOINT WARNING * * *
You hit the quokka.
You kill the quokka!
Your Short Blades skill increases to level 1!
Unknown command.
e - a scroll labelled TOXAYDW BIMEMA 😎 HP[+9]
Your hp is fully restored (13).
You now have 9 gold pieces.
You now have 15 gold pieces (gained 6).
f - a scroll labelled HAUXZU JAAHUM No target in view!
No target in view!
You now have 22 gold pieces (gained 7).
You open the large door.
A jackal and a quokka come into view.
A jackal, a ball python and an endoplasm come into view.
There is a large open door here.
The endoplasm quivers.
There is a large open door here.
There are monsters nearby!
You hit the endoplasm.
You punch the endoplasm, but do no damage.
The jackal barks! x2; The ball python hisses angrily.
A bat comes into view.
The endoplasm misses you.
There are monsters nearby!
You hit the endoplasm.
The jackal bites you but does no damage.
An endoplasm comes into view.
The endoplasm hits you. The jackal closely misses you.
The endoplasm quivers.
You hit the endoplasm. The endoplasm barely misses you.
The jackal bites you but does no damage. 😕 HP[-1]
You take 1 damage, and now have 12/13 hp.
Unknown command.
The jackal attacks as it pursues you! The jackal bites you.
The endoplasm barely misses you. The jackal closely misses you.
There is a large open door here. 😕 HP[-1]
You take 1 damage, and now have 11/13 hp.
There is a large open door here.
You barely miss the ball python.
A bat comes into view.
The ball python misses you. The ball python grabs you.
The ball python constricts you. The ball python misses you.
The ball python constricts you.
The bat moves out of view.
You closely miss the ball python. The ball python bites you.
The ball python constricts you.
You hit the ball python. The ball python bites you.
The ball python constricts you. 😮 HP[-2]
You take 2 damage, and now have 9/13 hp.
You closely miss the ball python.
The ball python bites you but does no damage.
The ball python constricts you.
Unknown command.
You hit the ball python but do no damage.
The ball python bites you. The ball python constricts you.
* * * LOW HITPOINT WARNING * * *
Unknown command. 😨 HP[-3]
You take 3 damage, and now have 6/13 hp.
MASSIVE DAMAGE!! (PAUSE)
You hit the ball python.
You kill the ball python!
The endoplasm jiggles.
Unknown command.
You hit the quokka but do no damage. The quokka closely misses you. 😮 HP[+1]
You hit the quokka but do no damage. The quokka bites you.
* * * LOW HITPOINT WARNING * * *
The quokka closely misses you. 😨 HP[-1]
You take 1 damage, and now have 6/13 hp.
Unknown command.
You barely miss the quokka. The quokka bites you.
* * * LOW HITPOINT WARNING * * *
😨 HP[-2]
You take 2 damage, and now have 4/13 hp.
Unknown command.
You closely miss the quokka. The quokka closely misses you.
You hit the quokka but do no damage. The quokka bites you.
* * * LOW HITPOINT WARNING * * *
Unknown command. 😱 HP[-3]
You take 3 damage, and now have 1/13 hp.
MASSIVE DAMAGE!! (PAUSE)
Okay, then.
As you read the scroll labelled HAUXZU JAAHUM, it crumbles to dust.
You feel strangely unstable.
It was a scroll of teleportation.
The quokka closely misses you.
You closely miss the quokka. The quokka closely misses you. x2
Unknown command.
You hit the quokka. The quokka bites you.
You die...

Skill      XL: |  1 |
---------------+----+-----
Short Blades   | 1 |  1.0
Dodging        | |  1.7
Stealth        | |  2.7
Spellcasting   | |  2.0
Hexes          | |  3.1

Action                     || total
---------------------------++-------
  Melee: Dagger            ||    29
         Punch             ||     1
    Use: Scroll            ||     1
 Armour: Robe              ||    19
  Dodge: Dodged            ||    18

Levels and vault maps discovered:
D:1:      dpeg_chamrin_arrival_tetris, layout_basic, minmay_unequal

Notes
Turn   | Place    | Note
-------+----------+-------------------------------------------
     0 | D:1      | kae the Demonspawn Enchanter began the quest for the Orb.
     0 | D:1      | Reached XP level 1. HP: 13/13 MP: 3/3
     0 | D:1      | magus.rc [v1.11.3]
    52 | D:1      | Reached skill level 1 in Short Blades
   178 | D:1      | HP: 1/13 [quokka (4)]
   181 | D:1      | Slain by a quokka

Vanquished Creatures
  A ball python (D:1)
  A quokka (D:1)
  A frilled lizard (D:1)
3 creatures vanquished.

Table legend:
 A = Non-vault XP
 B = Vault XP
 C = Vault XP percentage of total XP
 D = Non-vault monster count
 E = Vault monster count
 F = Vault count percentage of total count
                 A         B        C        D         E       F
            +---------+---------+-------+---------+---------+-------
      Total |       5 |       0 |   0.0 |       3 |       0 |   0.0
            +---------+---------+-------+---------+---------+-------
        D:1 |       5 |       0 |   0.0 |       3 |       0 |   0.0
            +---------+---------+-------+---------+---------+-------

Skill      XL: |  1 |
---------------+----+-----
Short Blades   | 1 |  1.0
Dodging        | |  1.7
Stealth        | |  2.7
Spellcasting   | |  2.0
Hexes          | |  3.1

Action                     || total
---------------------------++-------
  Melee: Dagger            ||    29
         Punch             ||     1
    Use: Scroll            ||     1
 Armour: Robe              ||    19
  Dodge: Dodged            ||    18

Illustrated notes

Table legend:
 A = Kills in this place as a percentage of kills in the entire game.
 B = Kills by you in this place as a percentage of kills by you in the entire game.
 C = Kills by friends in this place as a percentage of kills by friends in the entire game.
 D = Other kills in this place as a percentage of other kills in the entire game.
 E = Experience gained in this place as a percentage of experience gained in the entire game.
 F = Experience gained in this place divided by the number of levels of this place that you have seen.
                   A       B       C       D       E      F
               +-------+-------+-------+-------+-------+----------------------
         Total | 100.0 | 100.0 |   N/A |   N/A | 100.0 |   5.0
       Dungeon | 100.0 | 100.0 |   N/A |   N/A | 100.0 |   5.0
               +-------+-------+-------+-------+-------+----------------------

Table legend: (Time is in decaauts)
 A = Elapsed time spent in this place.
 B = Non-inter-level travel time spent in this place.
 C = Inter-level travel time spent in this place.
 D = Time resting spent in this place.
 E = Time spent auto-exploring this place.
 F = Levels seen in this place.
 G = Mean time per level.
                   A        B        C        D        E       F      G
               +--------+--------+--------+--------+--------+-----+--------+
         Total |    179 |    179 |      0 |      0 |    132 |   1 |  179.0 |
       Dungeon |    179 |    179 |      0 |      0 |    132 |   1 |  179.0 |
               +--------+--------+--------+--------+--------+-----+--------+

Top non-repeatable levels by time:
     D:1: 179 daAuts
